 Dungeon Crawl Stone Soup version 0.25-b1-23-ge2ad7d536c (webtiles) character file.

Game seed: 16247461669579307279, levelgen mode: deterministic

54 Esekla the Magician (level 3, -2/22 HPs)
             Began as an Octopode Wizard on June 3, 2020.
             Slain by a worker ant (7 damage)
             ... on level 5 of the Dungeon.
             The game lasted 00:14:56 (2139 turns).

Esekla the Magician (Octopode Wizard)               Turns: 2139, Time: 00:14:57

Health: -2/22      AC:  1    Str:  7    XL:     3   Next: 91%
Magic:  2/8        EV: 13    Int: 20    God:
Gold:   62         SH:  0    Dex: 10    Spells: 0/9 levels left

rFire    . . .     SeeInvis .   k - -3 falchion (curse)
rCold    . . .     Gourm    .   (no shield)
rNeg     . . .     Faith    .   a - +0 hat
rPois    .         Spirit   .   e - amulet of inaccuracy (curse)
rElec    .         Reflect  .   (no ring)
rCorr    .         Harm     .   (no ring)
MR       .....                  (no ring)
Stlth    +++.......             (no ring)
HPRegen  0.07/turn              (no ring)
MPRegen  0.11/turn              (no ring)
                                (no ring)
                                (no ring)

@: very slightly contaminated
A: almost no armour, stealthy swim, amphibious, 8 rings, constrict 8, camouflage
1, gelatinous body 1
a: no special abilities


You were on level 5 of the Dungeon.
You were hungry.

You visited 1 branch of the dungeon, and saw 5 of its levels.

You collected 62 gold pieces.

Inventory:

Hand Weapons
 b - a +1 dagger
 k - a cursed -3 falchion (weapon)
Armour
 a - a +0 hat (worn)
Jewellery
 e - a cursed amulet of inaccuracy (around mantle)
 j - an uncursed ring of ice
Scrolls
 d - a scroll of identify
 f - a scroll of teleportation
 i - a scroll of enchant armour {unknown}
Potions
 g - 2 potions of magic
Comestibles
 c - 2 rations
 h - a chunk of flesh


   Skills:
 * Level 0.7 Fighting
 + Level 0.1 Short Blades
 + Level 2.2 Dodging
 - Level 2.6 Stealth
 + Level 3.7 Spellcasting
 + Level 2.0 Conjurations
   Level 1.0 Summonings
 + Level 1.0 Translocations
 * Level 0.2 Air Magic
 * Level 0.2 Poison Magic


You couldn't memorise any spells.
You knew the following spells:

 Your Spells              Type           Power        Failure   Level  Hunger
a - Magic Dart            Conj           ##..         6%          1    None
b - Blink                 Tloc           N/A          13%         2    ##.....
c - Mephitic Cloud        Conj/Pois/Air  #.......     28%         3    ###....
d - Conjure Flame         Conj/Fire      #.......     26%         3    ###....

Your spell library contained the following spells:

 Spells                   Type           Power        Failure   Level  Hunger
 Sting                    Tmut/Pois      #...         13%         1    None
 Call Imp                 Summ           #.......     13%         2    ##.....
 Poisonous Vapours        Pois/Air       #.....       19%         2    ##.....
 Slow                     Hex            #.......     21%         2    ##.....
 Ignite Poison            Fire/Tmut/Pois #.......     36%         3    ###....
 Olgreb's Toxic Radiance  Pois           #.......     77%         4    ####...


Dungeon Overview and Level Annotations

Branches:
Dungeon (5/15)
 Temple: D:4-7

Altars:
Ashenzari
Zin

Annotations:
D:2 Terence
D:4 2 runed translucent doors, Ketzopolo's ghost, amateur TrMo


Innate Abilities, Weirdness & Mutations

You cannot wear most types of armour.
You are very stealthy in the water. (Stealth+)
You are amphibious.
You can wear up to eight rings at the same time.
You can use your tentacles to constrict eight enemies at once.
Your skin changes colour to match your surroundings (Stealth+).
Your rubbery body absorbs attacks. (AC +1, EV +1)


Message History

The worker ant bites you.
* * * LOW HITPOINT WARNING * * *
Casting: Magic Dart (safe; 6% risk of failure)
Confirm with . or Enter, or press ? or * to list all spells.
Aiming: Magic Dart (safe; 6% risk of failure)
Press: ? - help, Shift-Dir - straight line, f/p - worker ant
Aim: a worker ant (moderately wounded, constricted by you)
The magic dart hits the worker ant.
The worker ant is heavily wounded.
You constrict the worker ant, but do no damage.
The worker ant closely misses you.
Casting: Magic Dart (safe; 6% risk of failure)
Confirm with . or Enter, or press ? or * to list all spells.
Aiming: Magic Dart (safe; 6% risk of failure)
Press: ? - help, Shift-Dir - straight line, f/p - worker ant
Aim: a worker ant (heavily wounded, constricted by you)
The magic dart hits the worker ant but does no damage.
The worker ant is heavily wounded.
You constrict the worker ant. The worker ant bites you!
You die...

..## .......
._.....
.......
#......
##.....####
#...(.....##
.#........@#
.......<..a#
...........#
...###..#..#
.. .......#
.......##
........#
.......##
.(.....##


You could see a worker ant.

Vanquished Creatures
  A gnoll (D:1)
  An ooze (D:1)
  A leopard gecko (D:1)
  3 giant cockroaches (D:1)
  5 goblins
  A hobgoblin (D:2)
  3 jackals (D:1)
  3 kobolds (D:1)
  A quokka (D:2)
  6 bats (D:1)
  4 frilled lizards
  10 rats
39 creatures vanquished.

Notes
Turn   | Place    | Note
-------+----------+-------------------------------------------
     0 | D:1      | Esekla the Octopode Wizard began the quest for the Orb.
     0 | D:1      | Reached XP level 1. HP: 11/11 MP: 4/4
   382 | D:1      | Reached XP level 2. HP: 14/17 MP: 0/6
   386 | D:1      | Learned a level 2 spell: Blink
   766 | D:1      | Reached XP level 3. HP: 22/22 MP: 5/7
  1233 | D:1      | Learned a level 3 spell: Mephitic Cloud
  1237 | D:1      | Learned a level 3 spell: Conjure Flame
  1618 | D:2      | Noticed Terence
  1707 | D:2      | Noticed a sky beast
  1972 | D:3      | Learned a level 1 spell: Magic Dart
  2047 | D:4      | Found a glowing silver altar of Zin.
  2048 | D:4      | Found a runed translucent door.
  2048 | D:4      | Noticed an angel
  2096 | D:4      | Found a runed translucent door.
  2101 | D:4      | Noticed Ketzopolo's ghost (amateur TrMo)
  2124 | D:4      | Noticed a scorpion
  2130 | D:5      | Entered Level 5 of the Dungeon
  2130 | D:5      | Found a shattered altar of Ashenzari.
  2139 | D:5      | Slain by a worker ant

Illustrated notes

Levels and vault maps discovered:
D:1:      heliophobic_arrival_henge, layout_basic, minivault_25
D:2:      minmay_alternating_diamond, layout_basic, fedhas_altar_3,
          uniq_crazy_yiuf_cottage, uniq_terence
D:3:      layout_basic, grunt_temple_overflow_growth_and_decay,
          yredelemnul_forgotten_temple_becter, old_standard_altar,
          overflow_temple_1_default, lemuel_doored_altar
D:4:      layout_basic, ebering_ghost_reflecting_pool, first_ration,
          lemuel_angel_altar
D:5:      layout_cave_pools, overflow_temple_1_default,
          grunt_ashenzari_visionary [grunt_ashenzari_visionary_swamp,
          grunt_ashenzari_visionary_snake]

Skill      XL: |  1  2  3 |
---------------+----------+-----
Conjurations   | 2 |  2.0
Fighting       | |  0.7
Short Blades   | |  0.1
Dodging        | |  2.2
Stealth        | |  2.6
Spellcasting   | |  3.7
Summonings     | |  1.0
Translocations | |  1.0
Air Magic      | |  0.2
Poison Magic   | |  0.2

Action                   || total
-------------------------++-------
Melee: Dagger            ||    44
       Unarmed           ||     4
       Tentacles         ||     5
       Constrict         ||    10
       Falchion          ||     1
 Cast: Magic Dart        ||    49
       Mephitic Cloud    ||     1
       Blink             ||     1
  Use: Scroll            ||     5
 Stab: Sleeping          ||    12
  Eat: Chunk             ||     3
Armor: Skin              ||     7
Dodge: Dodged            ||    28
